 Dungeon Crawl Stone Soup version 0.28.0 (webtiles) character file.

Game seed: 10058606957132798774

11456 pkoi the Zephyrmancer (level 11, -13/84 HPs)
             Began as a Pale Draconian Air Elementalist on Feb 7, 2022.
             Was a Priest of Dithmenos.
             Mangled by a white ugly thing (35 damage)
             ... on level 10 of the Dungeon.
             The game lasted 00:22:37 (16216 turns).

pkoi the Zephyrmancer (DrAE)                       Turns: 16216, Time: 00:22:37

Health: -13/84     AC:  8    Str: 10    XL:     11   Next: 49%
Magic:  20/20      EV: 13    Int: 20    God:    Dithmenos [***...]
Gold:   723        SH:  0    Dex: 12    Spells: 14/22 levels left

rFire   . . .      SeeInvis .   a - +3 dagger (venom)
rCold   . . .      Faith    .   (no shield)
rNeg    . . .      Spirit   .   (armour unavailable)
rPois   .          Reflect  .   (helmet restricted)
rElec   .          Harm     .   (no cloak)
rCorr   .          Rampage  .   (no gloves)
Will    .....                   n - +0 pair of boots
Stlth   +.........              o - amulet of regeneration
HPRegen 1.04/turn               (no ring)
MPRegen 0.17/turn               (no ring)

@: confused, slowed, wreathed by umbra, very slow
A: breathe steam, AC +7, unfitting armour, cold-blooded, steam resistance
a: Breathe Steam, Renounce Religion, Shadow Step


You were on level 10 of the Dungeon.
You worshipped Dithmenos.
Dithmenos was most pleased with you.
You visited 2 branches of the dungeon, and saw 11 of its levels.

You collected 723 gold pieces.

Inventory:

Hand Weapons
 a - a +3 dagger of venom (weapon)
 b - a +3 dagger of electrocution
 d - a +0 whip
 e - a +0 club
Armour
 n - a +0 pair of boots (worn)
Jewellery
 o - an amulet of regeneration (around neck)
 u - a ring of fire
 x - a ring of ice
Wands
 k - a wand of charming (3)
 s - a wand of flame (49)
 t - a wand of polymorph (2)
 v - a wand of iceblast (13)
Scrolls
 c - 4 scrolls of teleportation
 g - 2 scrolls of fear
 h - a scroll of magic mapping
 p - a scroll of amnesia
 q - a scroll of enchant armour
 r - a scroll of brand weapon
 y - a scroll of enchant weapon
 A - a scroll of fog
Potions
 f - 2 potions of heal wounds
 i - 3 potions of curing
 j - 3 potions of cancellation
 l - a potion of flight
 m - 3 potions of resistance
 w - 2 potions of ambrosia
 z - a potion of haste


   Skills:
 + Level 4.1 Fighting
 + Level 3.9 Short Blades
 + Level 4.0 Dodging
 + Level 6.2 Stealth
 - Level 6.0 Spellcasting
 - Level 6.0 Conjurations
 + Level 14.8 Air Magic


You had 14 spell levels left.
You knew the following spells:

 Your Spells              Type           Power      Damage    Failure   Level
a - Shock                 Conj/Air       100%       1d9       1%          1
b - Swiftness             Air            60%        N/A       1%          3
c - Airstrike             Air            30%        N/A       1%          4

Your spell library contained the following spells:

 Spells                   Type           Power      Damage    Failure   Level
 Static Discharge         Conj/Air       47%        N/A       1%          2
 Dazzling Flash           Conj/Hex       36%        N/A       9%          3
 Silence                  Hex/Air        17%        N/A       14%         5
 Ozocubu's Armour         Ice            6%         N/A       30%         3
 Agony                    Necr           6%         N/A       96%         5
 Ozocubu's Refrigeration  Ice            3%         4d5       100%        7


Dungeon Overview and Level Annotations

Branches:
Dungeon (10/15)            Temple (1/1) D:4            Lair (0/6) D:9
    Orc (0/2) D:10

Altars:
Ashenzari
Cheibriados
Dithmenos
Elyvilon
Fedhas
Gozag
Hepliaklqana
Kikubaaqudgha
Makhleb
Nemelex Xobeh
Okawaru
Qazlal
Ru
Sif Muna
Trog
Uskayaw
Vehumet
Wu Jian
Xom
Yredelemnul
Zin
The Shining One

Shops:
D:2 *   D:3 (


Innate Abilities, Weirdness & Mutations

You can breathe blasts of scalding, opaque steam.
Your pale cyan-grey scales are hard. (AC +7)
You cannot fit into any form of body armour.
You are cold-blooded and may be slowed by cold attacks.
You are immune to the effects of steam.


Message History

* * * LOW HITPOINT WARNING * * *
The sphinx hits you.
* * * LOW HITPOINT WARNING * * *
The sphinx hits you.
* * * LOW HITPOINT WARNING * * *
You bump into the rock wall.
The sphinx hits you but does no damage. The sphinx hits you.
* * * LOW HITPOINT WARNING * * *
The sphinx hits you but does no damage. x4
Unknown command.
The sphinx misses you. The sphinx hits you!
* * * LOW HITPOINT WARNING * * *
The sphinx closely misses you.
Unknown command.
You feel less confused.
The sphinx mumbles some strange words.
You barely resist.
As you read the scroll of teleportation, it crumbles to dust.
You feel strangely unstable.
The sphinx casts a spell.
You are confused.
You are too confused!
You bump into the rock wall.
You hit the sphinx but do no damage.
The sphinx looks even sicker.
The sphinx is heavily wounded.
The sphinx hits you but does no damage. The sphinx closely misses you.
The sphinx misses you.
Your surroundings suddenly seem different.
Splash!
You fall into the shallow water.
Moving in this stuff is going to be slow.
A white ugly thing, a gargoyle and a howler monkey come into view.
The white ugly thing gurgles horribly!
The howler monkey howls!
The howler monkey hits you but does no damage.
Your unstable footing causes you to fumble your attack.
The howler monkey barely misses you.
The white ugly thing tentacle-slaps you!
* * * LOW HITPOINT WARNING * * *
The white ugly thing freezes you!!
You feel yourself slow down.
You die...

..# .. .. .# # .♣. . ♣.♣
.# ###9### .## ♣♣.....♣♣
..# ♣♣♣♣..h....♣♣♣♣# #.#
......P@.......# #.#
♣♣♣♣...Pu..♣♣♣♣#
###.##### ♣♣.....♣♣
........########.#######
###.###..H..............
....# #....#########.#..
###.# ###### ###.# ....#


You could see a white ugly thing, a gargoyle and a howler monkey.

Vanquished Creatures
  2 hydras (D:9)
  A two-headed ogre (D:8)
  Pikel (D:6)
  Maurice (D:8)
  A gargoyle (D:7)
  Psyche (D:8)
  A kobold demonologist (D:9)
  2 trolls (D:10)
  2 hornets
  A shadow (D:9)
  Sigmund (D:2)
  Eustachio (D:5)
  A wyvern (D:10)
  15 yaks
  Menkaure (D:6)
  A water moccasin (D:8)
  An ice beast (D:5)
  3 orc warriors
  3 sky beasts
  A necrophage (D:7)
  4 ogres
  4 black bears
  2 centaurs (D:7)
  A lemure (D:6)
  A phantom (D:5)
  3 kobold brigands
  2 bullfrogs (D:6)
  4 scorpions
  2 gnoll sergeants (D:7)
  10 killer bees
  5 wights (D:8)
  A crimson imp (D:8)
  2 centaur zombies
  3 jellies
  4 hounds
  4 centaur skeletons
  7 orc priests
  A gnoll shaman (D:7)
  Terence (D:3)
  10 orc wizards
  A scorpion zombie (D:5)
  2 iguanas
  2 killer bee zombies
  A hound skeleton (D:4)
  Robin (D:2)
  A howler monkey zombie (D:10)
  13 gnolls
  5 adders
  2 shadow imps
  A white imp (D:6)
  2 ufetubi
  2 dart slugs (D:1)
  16 orcs
  9 endoplasms
  5 giant cockroaches
  13 goblins
  20 hobgoblins
  5 quokkas
  3 ball pythons
  7 bats
  3 frilled lizards
  18 kobolds
  4 rats
248 creatures vanquished.

Vanquished Creatures (others)
  25 fungi
  93 plants
118 creatures vanquished.

Grand Total: 366 creatures vanquished

Notes
Turn   | Place    | Note
-------+----------+-------------------------------------------
     0 | D:1      | pkoi the Draconian Air Elementalist began the quest for the
                  | Orb.
     0 | D:1      | Reached XP level 1. HP: 14/14 MP: 3/3
   631 | D:1      | Reached XP level 2. HP: 20/20 MP: 0/5
   860 | D:1      | Found a faded altar of an unknown god.
   988 | D:1      | Reached skill level 4 in Air Magic
  1321 | D:1      | Reached XP level 3. HP: 24/26 MP: 4/6
  1466 | D:2      | Noticed Sigmund
  2472 | D:2      | Killed Sigmund
  2473 | D:2      | Reached skill level 6 in Air Magic
  2473 | D:2      | Reached XP level 4. HP: 10/33 MP: 1/7
  2473 | D:2      | Reached XP level 5. HP: 11/38 MP: 1/8
  2762 | D:2      | Found Ukulioha's General Store.
  2905 | D:2      | Noticed Robin
  2915 | D:2      | Killed Robin
  3063 | D:3      | Found an ancient bone altar of Kikubaaqudgha.
  3097 | D:3      | Found a sacrificial altar of Ru.
  3191 | D:3      | Found Nuziup's Antique Weapon Boutique.
  3282 | D:3      | Noticed Terence
  3287 | D:3      | Killed Terence
  3288 | D:3      | Reached XP level 6. HP: 33/45 MP: 4/9
  3367 | D:2      | Learned a level 3 spell: Swiftness
  3375 | D:2      | Learned a level 4 spell: Airstrike
  4055 | D:3      | HP: 1/45 [something/magic dart (8)]
  4063 | D:3      | Reached skill level 7 in Air Magic
  4155 | D:3      | Found an ornate altar of the Wu Jian Council.
  4284 | D:3      | Found a bloodstained altar of Trog.
  4791 | D:4      | Found a shadowy altar of Dithmenos.
  4815 | D:4      | Reached skill level 8 in Air Magic
  4815 | D:4      | Your scales start taking on a pale cyan-grey colour.
  4815 | D:4      | Reached XP level 7. HP: 15/50 MP: 2/10
  4815 | D:4      | Gained mutation: You are immune to the effects of steam.
                  | [Pale Draconian growth]
  4976 | D:4      | Reached skill level 9 in Air Magic
  5038 | D:4      | Became a worshipper of Dithmenos the Shadowed
  5473 | D:4      | Found a hazy altar of Hepliaklqana.
  5836 | D:4      | Found a staircase to the Ecumenical Temple.
  5845 | Temple   | Entered the Ecumenical Temple
  6025 | D:5      | Entered Level 5 of the Dungeon
  6081 | D:5      | Noticed a yak
  6081 | D:5      | Noticed a yak
  6191 | D:5      | Reached skill level 10 in Air Magic
  6281 | D:5      | Reached XP level 8. HP: 57/57 MP: 5/11
  6369 | D:5      | Reached skill level 11 in Air Magic
  6674 | D:5      | Identified the -7 pair of gloves "Bypnezol" {rElec SInv}
  6919 | D:5      | Reached skill level 12 in Air Magic
  7104 | D:5      | Reached * piety under Dithmenos
  7310 | D:5      | Noticed Eustachio
  7335 | D:5      | Killed Eustachio
  7336 | D:5      | Reached skill level 13 in Air Magic
  7921 | D:6      | Reached XP level 9. HP: 62/62 MP: 3/12
  8434 | D:6      | Noticed Menkaure
  8436 | D:6      | Killed Menkaure
  8641 | D:6      | Noticed Pikel
  8644 | D:6      | Killed Pikel
  9159 | D:7      | Noticed a gargoyle
  9178 | D:7      | Killed a gargoyle
 10227 | D:7      | Reached skill level 14 in Air Magic
 10227 | D:7      | Reached XP level 10. HP: 69/69 MP: 7/16
 10488 | D:7      | Found a glowing silver altar of Zin.
 11608 | D:7      | Reached ** piety under Dithmenos
 12012 | D:8      | Noticed Psyche
 12019 | D:8      | Killed Psyche
 12020 | D:8      | Reached skill level 5 in Spellcasting
 12393 | D:8      | Noticed a two-headed ogre
 12449 | D:8      | Reached skill level 1 in Fighting
 12567 | D:8      | Reached skill level 1 in Short Blades
 12668 | D:8      | Found a burning altar of Makhleb.
 12739 | D:8      | Noticed Maurice
 12744 | D:8      | Killed Maurice
 12745 | D:8      | Reached skill level 5 in Stealth
 12863 | D:8      | Reached skill level 5 in Conjurations
 12977 | D:8      | Killed a two-headed ogre
 13413 | D:8      | Found a shimmering blue altar of Sif Muna.
 13809 | D:9      | Noticed a sun demon
 14310 | D:9      | Noticed a five-headed hydra
 14325 | D:9      | Killed a five-headed hydra
 14326 | D:9      | Reached XP level 11. HP: 82/82 MP: 0/19
 14451 | D:9      | Found a staircase to the Lair.
 15008 | D:9      | Reached *** piety under Dithmenos
 15511 | D:9      | Noticed a four-headed hydra
 15539 | D:9      | Killed a four-headed hydra
 15615 | D:10     | Entered Level 10 of the Dungeon
 15621 | D:10     | Found a white marble altar of Elyvilon.
 15656 | D:10     | Noticed a sphinx
 15685 | D:10     | Paralysed by a sphinx for 3 turns
 15869 | D:10     | Found a radiant altar of Vehumet.
 15997 | D:10     | Found a staircase to the Orcish Mines.
 16178 | D:10     | Paralysed by a sphinx for 3 turns
 16215 | D:10     | Noticed a white ugly thing
 16216 | D:10     | Mangled by a white ugly thing

Illustrated notes

Levels and vault maps discovered:
D:1:      zelgadis_glass_arrival_small, layout_rooms,
          ebering_ecumenical_altar_petrified
D:2:      layout_loops_ring, serial_shops, shop, uniq_robin, uniq_sigmund
D:3:      minmay_skewed_foursquare, layout_basic,
          nicolae_ru_sacrificial_ziggurat, nicolae_wu_jian_wuxing_cycle,
          lemuel_tele_altar, trog_book, serial_shops, nicolae_shop_waterfront,
          dk_vineyard_3, grunt_ministairs_10, kennysheep_path_1, uniq_terence
D:4:      layout_basic, kennysheep_mini_moat, nicolae_hepliaklqana_hazy_memory,
          lemuel_temple_firewalk_b
D:5:      layout_basic, st_stairs_12, minivault_24, minivault_14, uniq_eustachio
D:6:      layout_basic, st_stairs_8, patterned_corridor, uniq_pikel,
          uniq_menkaure
D:7:      kennysheep_housing_project, layout_cave_pools, zin_statuary
D:8:      layout_cave_pools, led_sif_book, makhleb_grotto_becter, uniq_maurice,
          uniq_psyche
D:9:      layout_irregular_city, grunt_lair_entry_orc_guard_hut,
          hangedman_glass_teeth
D:10:     nzn_winding_woodlands_cross [nzn_winding_woodlands_5x15_lazy_stream,
          nzn_winding_woodlands_5x15_pathside_ponds,
          nzn_winding_woodlands_5x15_garden, nzn_winding_woodlands_5x15_cabin,
          nzn_winding_woodlands_15x15_five_gardens], layout_loops_ring,
          mainiacjoe_overflow_cross_hatched, nicolae_elyvilon_temple_path
Temple:   jpeg_temple_clearing

Skill      XL: |  1  2  3  4  5  6  7  8  9 10 11 |
---------------+----------------------------------+-----
Air Magic      | 4 6 8 10 13 14 | 14.8
Stealth        | 4 5 6 |  6.2
Spellcasting   | 4 5 6 |  6.0
Conjurations   | 3 5 6 |  6.0
Fighting       | 3 4 |  4.1
Dodging        | 3 4 |  4.0
Short Blades   | 2 3 |  3.9

Action                   |  1- 3 |  4- 6 |  7- 9 | 10-12 || total
-------------------------+-------+-------+-------+-------++-------
Melee: Club              |     7 |       |       |       ||     7
       Unarmed           |     3 |       |       |       ||     3
       Tailslap          |     3 |     3 |     6 |    12 ||    24
       Punch             |     2 |       |       |     1 ||     3
       Dagger            |    20 |    45 |    45 |    78 ||   188
 Cast: Shock             |    78 |    69 |   112 |       ||   259
       Airstrike         |       |       |    55 |   131 ||   186
 Abil: Breathe Steam     |       |       |     9 |    14 ||    23
  Use: Potion            |       |     2 |       |       ||     2
       Scroll            |       |       |       |    19 ||    19
 Stab: Sleeping          |       |     3 |       |     1 ||     4
Armor: Skin              |    10 |    34 |    30 |    44 ||   118
Dodge: Dodged            |    18 |    34 |    45 |    65 ||   162
